 Dungeon Crawl Stone Soup version 0.29.1-15-g9cfb28693d (webtiles) character file.

Game seed: 9963409199100645269

0 leafyfresh the Sneak (level 1, 0/16 HPs)
             Began as an Octopode Delver on Feb 25, 2023.
             Slain by a goblin
             ... wielding a +0 club
              (5 damage)
             ... on level 4 of the Dungeon.
             The game lasted 00:00:34 (87 turns).

leafyfresh the Sneak (Octopode Delver)                Turns: 87, Time: 00:00:34

Health: 0/16       AC:  1    Str: 11    XL:     1   Next: 0%
Magic:  1/1        EV: 10    Int: 12    God:
Gold:   8          SH:  0    Dex: 13    Spells: 0/0 levels left

rFire   . . .      SeeInvis .   a - +0 short sword
rCold   . . .      Faith    .   (no shield)
rNeg    . . .      Spirit   .   (helmet restricted)
rPois   .          Reflect  .   (no amulet)
rElec   .          Harm     .   (no ring)
rCorr   .          Rampage  .   (no ring)
Will    .....                   (no ring)
Stlth   ++++......              (no ring)
HPRegen 0.05/turn               (no ring)
MPRegen 0.07/turn               (no ring)
                                (no ring)
                                (no ring)

@: constricted
A: almost no armour, amphibious, 8 rings, camouflage 1, gelatinous body 1,
(nimble swimmer 1), tentacles
a: no special abilities


You were on level 4 of the Dungeon.
You visited 1 branch of the dungeon, and saw 2 of its levels.

You collected 8 gold pieces.

Inventory:

Hand Weapons
 a - a +0 short sword (weapon)
Magical Staves
 g - a staff of cold
Wands
 f - a wand of digging (3)
Scrolls
 b - a scroll of fog
 c - a scroll of magic mapping
 d - a scroll of fear
 h - a scroll of identify {unknown}
Potions
 e - a potion of haste
 i - a potion of curing {unknown}


   Skills:
 + Level 3.0 Fighting
 + Level 2.0 Short Blades
 + Level 2.0 Dodging
 + Level 6.6 Stealth


You couldn't memorise any spells.
You didn't know any spells.
Your spell library was empty.

Dungeon Overview and Level Annotations

Branches:
Dungeon (5/15)
 Temple: D:4-7

Altars:

Annotations:
D:4 Ijyb


Innate Abilities, Weirdness & Mutations

You cannot wear most types of armour.
You are amphibious.
You can wear up to eight rings at the same time.
Your skin changes colour to match your surroundings (Stealth+).
Your rubbery body absorbs attacks. (AC +1, EV +1)
((You are camouflaged when in or above water. (Stealth+)))
You have tentacles for arms and can constrict up to eight enemies at once.


Message History

i - a fuming yellow potion You now have 8 gold pieces.
There is a stone staircase leading up here.
There is a stone staircase leading up here.
There is a stone staircase leading up here.
You climb upwards.
There is a stone staircase leading down here.
There is a stone staircase leading down here.
Found a scale mail.
No target in view! 2 goblins come into view.
The goblin shouts! x2
The goblin unwields a +0 club.
The goblin wields a +0 sling.
The goblin shoots a sling bullet.
The sling bullet hits you.
A goblin comes into view. It is wielding a +0 club. x2
Ijyb and 2 goblins come into view.
Ijyb is wielding a +0 club and carrying a wand of paralysis (14).
There are monsters nearby!
The goblin shoots a sling bullet.
The sling bullet barely misses you.
Ijyb shouts!
Unknown command.
The goblin shouts! x2
Found a stone staircase leading up.
A goblin comes into view. It is wielding a +0 club.
A ball python comes into view.
The goblin shouts!
The ball python hisses angrily.
There is a stone staircase leading up here.
The ball python closely misses you. The ball python grabs you.
You stop ascending the stairs.
The ball python constricts you. The goblin hits you with a +0 club.
You hit the ball python. You grab the ball python.
The ball python is moderately wounded.
You constrict the ball python. The ball python bites you.
The ball python constricts you. The goblin hits you with a +0 club.
You escape the ball python's grasp.
You release your grip on the ball python.
The ball python misses you. The ball python grabs you.
You stop ascending the stairs.
The ball python constricts you. The goblin hits you with a +0 club.
You die...

# ##### .#
#....#####.###########
#...S@g..............#
+.....g..........>##.#
#....##g...........#.#
#....#.g##########.#.#
#....#....gg.gg....#.#
#....#.#########g.##.#
#....#. 8.8.8.8..##.#
#####.. .....g...##.#
#.# ...[.g...##.#


You could see 4 goblins and a ball python.

Vanquished Creatures (others)
  7 fungi (D:5)
7 creatures vanquished.

Notes
Turn   | Place    | Note
-------+----------+-------------------------------------------
     0 | D:5      | leafyfresh the Octopode Delver began the quest for the Orb.
     0 | D:5      | Reached XP level 1. HP: 16/16 MP: 1/1
     1 | D:5      | Noticed an ogre
    69 | D:4      | Noticed Ijyb
    87 | D:4      | Slain by a goblin

Illustrated notes

Levels and vault maps discovered:
D:4:      kennysheep_the_goblin_king, layout_basic, minmay_ruptured
D:5:      layout_rooms, nicolae_gozag_zags_fifth_avenue, serial_aquarium,
          aquarium_bridge_square [aquarium_subvault_window,
          aquarium_subvault_bridge, aquarium_subvault_wall,
          aquarium_subvault_bridge], aquarium_window_fake,
          aquarium_window_double, aquarium_view_2b, aquarium_view_2e,
          aquarium_balcony_3b, aquarium_pool_corner, uniq_ijyb,
          uniq_crazy_yiuf_cottage

Action                   || total
-------------------------++-------
Melee: Short sword       ||     1
       Constrict         ||     1
Dodge: Dodged            ||     3
